 Dungeon Crawl Stone Soup version 0.22.1-2-g9c5b331383 (webtiles) character file.

1589 Gargoyl the Skirmisher (level 8, 0/70 HPs)
             Began as a Centaur Abyssal Knight on Jan 4, 2019.
             Was a Believer of Lugonu.
             Killed from afar by Dowan (13 damage)
             ... with a shard of ice
             ... on level 6 of the Dungeon.
             The game lasted 00:08:29 (4821 turns).

Gargoyl the Skirmisher (Centaur Abyssal Knight)     Turns: 4821, Time: 00:08:30

Health: 0/70       AC: 11    Str: 15    XL:     8   Next: 61%
Magic:  11/11      EV:  6    Int: 11    God:    Lugonu [**....]
Gold:   201        SH:  0    Dex: 11    Spells: 7/7 levels left

rFire    + + +     SeeInvis .   a - +6 hand axe
rCold    x x .     Gourm    .   (no shield)
rNeg     . . .     Faith    .   i - +1 fire dragon scales
rPois    .         Spirit   .   (no helmet)
rElec    .         Reflect  .   (no cloak)
rCorr    .         Harm     .   (no gloves)
MR       .....     Clarity  +   (no barding)
Stlth    ..........             (no amulet)
HPRegen  0.21/turn              b - +2 ring of slaying
MPRegen  0.12/turn              n - ring of fire

@: heavily drained, very quick
A: large, hooves 3, slimy green scales 1, clarity, deformed body, speed 2,
mutation resistance 1, tough skin 3
a: Depart the Abyss, Bend Space, Renounce Religion


You were on level 6 of the Dungeon.
You worshipped Lugonu.
Lugonu was pleased with you.
You were not hungry.

You visited 1 branch of the dungeon, and saw 6 of its levels.
You visited the Abyss 1 time.

You collected 201 gold pieces.

Inventory:

Hand Weapons
 a - a +6 hand axe (weapon)
Missiles
 j - 2 poisoned tomahawks (quivered)
 r - 6 tomahawks of returning
Armour
 i - +1 fire dragon scales (worn)
Jewellery
 b - a +2 ring of slaying (left hand)
 n - a ring of fire (right hand)
 p - an uncursed ring of protection from cold
Wands
 e - a wand of flame (50)
 l - a wand of iceblast (8)
Scrolls
 h - 4 scrolls of identify
 m - a scroll of blinking
 o - 2 scrolls of remove curse
Potions
 f - a potion of mutation
 g - 3 potions of heal wounds
 k - a potion of curing
 q - a potion of haste
 u - 2 potions of ambrosia
Miscellaneous
 d - a lightning rod (4/4)
Comestibles
 c - 10 rations


   Skills:
 + Level 5.9(4.2) Fighting
 + Level 5.0(3.3) Axes
 + Level 0.4(0.0) Throwing
 * Level 4.6(2.9) Armour
 * Level 2.2(0.6) Dodging
 + Level 0.3(0.0) Stealth
 * Level 5.0(3.2) Invocations
 - Level 0.5(0.0) Evocations


You had 7 spell levels left.
You didn't know any spells.
Your spell library contained the following spells:

 Spells                   Type           Power        Failure   Level  Hunger
 Confusing Touch          Hex            #.....       87%         1    ##.....
 Confuse                  Hex            #.......     99%         3    ####...
 Gell's Gravitas          Tloc           #.........   99%         3    ####...
 Petrify                  Tmut/Erth      #.......     100%        4    #####..
 Metabolic Englaciation   Hex/Ice        #.........   100%        5    ######.
 Yara's Violent Unravell  Hex/Tmut       #.........   100%        5    ######.


Dungeon Overview and Level Annotations

Branches:
Dungeon (6/15)
 Temple: D:4-7

Altars:
Ashenzari
Dithmenos
Okawaru
Qazlal
Sif Muna
Vehumet

Annotations:
D:6 Dowan


Innate Abilities, Weirdness & Mutations

You have hooves in place of feet.
Armour fits poorly on your strangely shaped body.
You cover ground very quickly.
You have extremely tough skin. (AC +3)
You are partially covered in slimy green scales. (AC +2)
You possess an exceptional clarity of mind.
You are somewhat resistant to further mutation.


Message History

You slash Duvessa! You kick Duvessa, but do no damage.
Duvessa is almost dead.
Duvessa completely misses you.
You closely miss Duvessa.
Duvessa is almost dead.
Duvessa barely misses you.
You hit Duvessa.
You kill Duvessa!
Lugonu accepts your kill.
Dowan's eyes darken. "You have made a black mistake."
Dowan seems to find hidden reserves of power!
Your base Axes skill increases to level 5!
Your base Invocations skill increases to level 5!
Dowan casts a spell at you. The shard of ice hits you!
You feel a painful chill!
* * * LOW HITPOINT WARNING * * *
Dowan shakes with grief.
Dowan points at you and mumbles some strange words.
The shard of ice hits you!
You feel a painful chill!
You die...

.........##..#...
.......## ##
.........#..>............#
#
........##........#......
# ...#..............###...
...#...............#..PP
...................e..P$ #
......................P$
$P #
...............)......P$
$P## #
................@....#
PP..####
.....................#
#......
..................#....#
#......
.......<..#......## ...#
#...... ................##
..# #......
................#
...##......
................#
..........
...............).#
.........
############.......
.........


You could see Dowan.

Vanquished Creatures
  An ice devil (Abyss:2)
  Eustachio (D:6)
  The ghost of FingO the Chopper, an amateur DrBe of Trog (D:4)
  Duvessa (D:6)
  A sky beast (D:5)
  An ogre (D:4)
  A centaur (D:5)
  Blork the orc (D:4)
  2 big kobolds (D:4)
  A bullfrog (D:5)
  A jelly (D:5)
  A crimson imp (D:5)
  A centaur skeleton (D:5)
  2 hounds
  2 orc wizards (D:4)
  3 worker ants
  A hound zombie (D:5)
  3 adders
  A shadow imp (D:5)
  2 worms
  2 dart slugs
  4 leopard geckos
  14 orcs
  5 bats
  13 goblins
  8 hobgoblins
  4 jackals
  14 kobolds
  A quokka (D:2)
  A ball python (D:3)
  3 frilled lizards
  3 rats (D:1)
100 creatures vanquished.

Vanquished Creatures (others)
  An orc (D:4)
  2 jackals (D:4)
3 creatures vanquished.

Grand Total: 103 creatures vanquished

Notes
Turn   | Place    | Note
-------+----------+-------------------------------------------
     0 | Abyss:1  | Gargoyl the Centaur Abyssal Knight began the quest for the
                  | Orb.
     0 | Abyss:1  | Reached XP level 1. HP: 19/19 MP: 2/2
    21 | Abyss:2  | Noticed an ice devil
    26 | Abyss:2  | Killed an ice devil
    26 | Abyss:2  | Reached skill level 5 in Fighting
    26 | Abyss:2  | Reached XP level 2. HP: 29/29 MP: 4/4
    27 | Abyss:2  | Reached XP level 3. HP: 36/36 MP: 5/5
    27 | Abyss:2  | Reached XP level 4. HP: 42/42 MP: 6/6
    27 | Abyss:2  | Reached XP level 5. HP: 48/48 MP: 7/7
    44 | Abyss:2  | Noticed a worldbinder
    46 | Abyss:2  | Noticed a black mamba
    46 | Abyss:2  | Noticed a naga
    47 | Abyss:2  | Noticed an Executioner
    48 | Abyss:2  | Noticed a bone dragon
    49 | D:1      | Escaped the Abyss
   112 | D:1      | Reached * piety under Lugonu
   246 | D:1      | Reached XP level 6. HP: 56/56 MP: 8/8
   913 | D:2      | Reached skill level 1 in Dodging
   921 | D:2      | Gained mutation: You are partially covered in slimy green
                  | scales. (AC +2) [potion of mutation]
   921 | D:2      | Gained mutation: You are somewhat resistant to further
                  | mutation. [potion of mutation]
   921 | D:2      | Gained mutation: You possess an exceptional clarity of
                  | mind. [potion of mutation]
  1878 | D:3      | Found an iron altar of Okawaru.
  1884 | D:3      | Reached ** piety under Lugonu
  2203 | D:4      | Found a shattered altar of Ashenzari.
  2251 | D:4      | Noticed a fire elemental
  2254 | D:4      | Found a stormy altar of Qazlal.
  2256 | D:4      | Found a runed gate.
  2256 | D:4      | Noticed FingO's ghost (amateur DrBe)
  2257 | D:4      | Found a runed gate.
  2258 | D:4      | Found a runed gate.
  2258 | D:4      | Noticed a water elemental
  2269 | D:4      | Noticed an air elemental
  2485 | D:4      | Found a shadowy altar of Dithmenos.
  2502 | D:4      | Found a radiant altar of Vehumet.
  2514 | D:4      | Reached XP level 7. HP: 61/61 MP: 9/9
  2721 | D:4      | Noticed Blork the orc
  2764 | D:4      | Found a deep blue altar of Sif Muna.
  2767 | D:4      | Killed Blork the orc
  3441 | D:4      | Killed FingO's ghost
  3546 | D:5      | Entered Level 5 of the Dungeon
  3662 | D:5      | Reached XP level 8. HP: 54/70 MP: 11/11
  3755 | D:5      | Found a stormy altar of Qazlal.
  4605 | D:6      | Noticed Eustachio
  4625 | D:6      | Killed Eustachio
  4802 | D:6      | Noticed Duvessa
  4808 | D:6      | Noticed Dowan
  4821 | D:6      | Killed Duvessa
  4821 | D:6      | Reached skill level 5 in Axes
  4821 | D:6      | Reached skill level 5 in Invocations
  4821 | D:6      | Killed from afar by Dowan

Skill      XL: |  1  2  3  4  5  6  7  8 |
---------------+-------------------------+-----
Fighting       | 5 |  5.9
Axes           | 2 3 4 5 |  5.0
Armour         | 2 3 4 |  4.6
Dodging        | 1 2 |  2.2
Invocations    | 3 4 5 |  5.0
Throwing       | |  0.4
Stealth        | |  0.3
Evocations     | |  0.5

Action                   |  1- 3 |  4- 6 |  7- 9 || total
-------------------------+-------+-------+-------++-------
Melee: Hand axe          |       |   136 |   119 ||   255
       Kick              |       |    29 |    32 ||    61
Throw: Tomahawk          |       |       |     7 ||     7
Invok: Depart the Abyss  |       |     1 |       ||     1
       Bend Space        |       |       |     2 ||     2
Evoke: Lightning rod     |     4 |     2 |       ||     6
  Use: Scroll            |       |    18 |     3 ||    21
       Potion            |       |     1 |     6 ||     7
  Eat: Chunk             |       |     3 |     3 ||     6
       Ration            |       |       |     1 ||     1
Armor: Leather armour    |       |    12 |       ||    12
       Fire dragon scale |       |    60 |    78 ||   138
       Skin              |       |       |     2 ||     2
Dodge: Dodged            |       |    52 |    42 ||    94
